 Dungeon Crawl Stone Soup version 0.22-a0-284-g99d1f74 (webtiles) character file.

56 grindst0ne the Sneak (level 3, -2/23 HPs)
             Began as an Octopode Wizard on Mar 21, 2018.
             Slain by Terence
             ... wielding a +2 hand axe of chopping
              (7 damage)
             ... on level 2 of the Dungeon.
             The game lasted 00:03:32 (1493 turns).

grindst0ne the Sneak (Octopode Wizard)              Turns: 1493, Time: 00:03:33

Health: -2/23      AC:  1    Str:  6    XL:     3   Next: 97%
Magic:  1/7        EV: 13    Int: 21    God:
Gold:   86         SH:  0    Dex: 10    Spells: 7/8 levels left

rFire    . . .     SeeInvis .   e - +0 dagger
rCold    . . .     Gourm    .   (no shield)
rNeg     . . .     Faith    .   a - +0 hat
rPois    .         Spirit   .   (no amulet)
rElec    .         Reflect  .   (no ring)
rCorr    .         Harm     .   (no ring)
MR       .....                  (no ring)
Stlth    +++.......             (no ring)
HPRegen  0.07/turn              (no ring)
MPRegen  0.10/turn              (no ring)
                                (no ring)
                                (no ring)

@: no status effects
A: almost no armour, stealthy swim, amphibious, 8 rings, constrict 8, camouflage
1, gelatinous body 1
a: no special abilities


You were on level 2 of the Dungeon.
You were not hungry.

You visited 1 branch of the dungeon, and saw 2 of its levels.

You collected 86 gold pieces.

Inventory:

Hand Weapons
 e - a +0 dagger (weapon)
Armour
 a - a +0 hat (worn)
Scrolls
 g - a scroll of fog {unknown}
 h - 2 scrolls of identify {unknown}
 i - a scroll of teleportation {unknown}
Potions
 b - a potion of curing {unknown}
 f - 2 potions of flight {unknown}
 j - a potion of haste {unknown}
 k - a potion of invisibility {unknown}
 l - a potion of berserk rage {unknown}
Comestibles
 c - a ration
 d - 8 chunks of flesh


   Skills:
 + Level 1.5 Fighting
 - Level 2.0 Dodging
 + Level 3.6 Stealth
 + Level 3.4 Spellcasting
 + Level 1.9 Conjurations
   Level 1.0 Summonings
   Level 1.0 Translocations


You had 7 spell levels left.
You knew the following spells:

 Your Spells              Type           Power        Failure   Level  Hunger
a - Magic Dart            Conj           ##..         6%          1    None


Dungeon Overview and Level Annotations

Branches:
Dungeon (2/15)

Altars:
Dithmenos

Annotations:
D:2 Terence


Innate Abilities, Weirdness & Mutations

You cannot wear most types of armour.
You are very stealthy in the water. (Stealth+)
You are amphibious.
You can wear up to eight rings at the same time.
You can use your tentacles to constrict eight enemies at once.
Your skin changes colour to match your surroundings (Stealth+).
Your rubbery body absorbs attacks. (AC +1, EV +1)


Message History

Terence hits you with a hand axe of chopping.
You hit Terence but do no damage.
Terence is heavily wounded.
You constrict Terence, but do no damage.
Terence closely misses you.
You hit Terence but do no damage. You squeeze Terence.
Terence is severely wounded.
You constrict Terence.
Terence hits you with a hand axe of chopping!
* * * LOW HITPOINT WARNING * * *
You release your grip on Terence.
Casting: Magic Dart (safe; 6% risk of failure)
Confirm with . or Enter, or press ? or * to list all spells.
Aiming: Magic Dart (safe; 6% risk of failure)
Press: ? - help, Shift-Dir - straight line, f/p - Terence
Aim: Terence, wielding a hand axe of chopping and wearing a ring mail (almost dead)
The magic dart hits Terence.
Terence is almost dead.
Terence hits you with a hand axe of chopping!
You die...

#### ..# ### #.# #..
#.##.###.#########.#
.......@@..........#
#...####...######..######
. #.#####.## #........
.........# ##.#.#####
#.####...####.###.## #
............## ##.# #
#####..#####.###..# #
#... #..#.#.### .. #
#...# #...#.....


You could see Terence.

Vanquished Creatures
  An adder (D:2)
  An ooze (D:1)
  3 dart slugs (D:1)
  A leopard gecko (D:1)
  3 bats
  3 giant cockroaches
  4 goblins (D:1)
  5 hobgoblins
  A jackal (D:2)
  4 frilled lizards
  3 kobolds
  7 rats (D:1)
36 creatures vanquished.

Notes
Turn   | Place    | Note
-------+----------+-------------------------------------------
     0 | D:1      | grindst0ne the Octopode Wizard began the quest for the Orb.
     0 | D:1      | Reached XP level 1. HP: 11/11 MP: 4/4
    54 | D:1      | Reached XP level 2. HP: 16/18 MP: 6/6
   535 | D:1      | Reached skill level 1 in Fighting
   541 | D:1      | Reached XP level 3. HP: 7/23 MP: 4/7
  1422 | D:2      | Found a shadowy altar of Dithmenos.
  1478 | D:2      | Noticed Terence
  1493 | D:2      | Slain by Terence

Vault maps used:
D:1:      dpeg_arrival_fog
D:2:      chequers_ecumenical_altar_simple_redux,
          nicolae_dithmenos_shadow_blocks, uniq_terence

Skill      XL: |  1  2 |
---------------+-------+-----
Stealth        | 3 |  3.6
Fighting       | 1 |  1.5
Dodging        | |  2.0
Spellcasting   | |  3.4
Conjurations   | |  1.9
Summonings     | |  1.0
Translocations | |  1.0

Action                   || total
-------------------------++-------
Melee: Club              ||    35
       Constrict         ||    16
       Tentacles         ||     9
       Dagger            ||    27
 Cast: Magic Dart        ||    44
 Stab: Sleeping          ||     7
  Eat: Chunk             ||     2
Armor: Skin              ||     4
Dodge: Dodged            ||    31

Table legend:
 A = Spawn XP
 B = Non-spawn XP
 C = Spawn XP percentage of total XP
 D = Spawn monster count
 E = Non-spawn monster count
 F = Spawn count percentage of total count
 G = Total turns spent on level
                    A         B        C        D         E        F      G
               +---------+---------+-------+---------+---------+-------+---------
         Total |       0 |      81 |   0.0 |       0 |      36 |   0.0 |  1493
               +---------+---------+-------+---------+---------+-------+---------
           D:1 |       0 |      53 |   0.0 |       0 |      27 |   0.0 |  1279
           D:2 |       0 |      28 |   0.0 |       0 |       9 |   0.0 |   214
               +---------+---------+-------+---------+---------+-------+---------
